 Dungeon Crawl Stone Soup version 0.30-a0-365-ge7f957f1db (webtiles) character file.

Game seed: 13733360872023428275

107 qeuew the Shield-Bearer (level 5, 0/42 HPs)
             Began as a Formicid Fighter on Nov 17, 2022.
             Slain by a frilled lizard (1 damage)
             ... on level 3 of the Dungeon.
             The game lasted 00:02:06 (1679 turns).

qeuew the Shield-Bearer (Formicid Fighter)          Turns: 1679, Time: 00:02:06

Health: 0/42       AC:  7    Str: 17 (20) XL:     5   Next: 11%
Magic:  5/5        EV:  9    Int:  5 (8)  God:
Gold:   191        SH:  5    Dex: 14 (15) Spells: 4/4 levels left

rFire   + . .      SeeInvis +    a - +1 war axe
rCold   . . .      Faith    .    c - +0 buckler
rNeg    . . .      Spirit   .    b - +0 scale mail
rPois   .          Reflect  .    (helmet unavailable)
rElec   .          Harm     .    (no cloak)
rCorr   .          Rampage  .    (no gloves)
Will    .....                    (no boots)
Stlth   ..........               (no amulet)
HPRegen 0.27/turn                g - ring of protection from fire
MPRegen 0.09/turn                (no ring)

@: no status effects
A: permanent stasis, dig shafts and tunnels, antennae 3, four strong arms
a: Dig, Shaft Self


You were on level 3 of the Dungeon.
You visited 1 branch of the dungeon, and saw 3 of its levels.

You collected 191 gold pieces.

Inventory:

Hand Weapons
 a - a +1 war axe (weapon)
Armour
 b - a +0 scale mail (worn)
 c - a +0 buckler (worn)
Jewellery
 g - a ring of protection from fire (left hand)
Potions
 d - a potion of might
 e - a potion of flight
 f - a potion of curing
 h - a potion of magic {unknown}


   Skills:
 + Level 3.8 Fighting
 + Level 2.7 Axes
 * Level 4.3 Armour
 + Level 1.2 Dodging
 + Level 4.6 Shields


You had 4 spell levels left.
You didn't know any spells.
Your spell library was empty.

Dungeon Overview and Level Annotations

Branches:
Dungeon (3/15)

Altars:


Innate Abilities, Weirdness & Mutations

You cannot be hasted, slowed, berserked, paralysed or teleported.
You can dig through walls and to a lower floor.
You have a pair of large antennae on your head. (SInv)
Your four strong arms can wield two-handed weapons with a shield.


Message History

The frilled lizard bites you but does no damage.
The orc hits you with a +0 short sword. The iguana bites you.
The quokka barely misses you.
Unknown command.
You barely miss the frilled lizard. You barely miss the quokka.
You closely miss the orc. You completely miss the iguana.
You closely miss the orc.
A bat comes into view.
You block the quokka's attack. The orc hits you with a +0 mace.
The orc wizard mumbles some strange words.
The orc wizard flickers and vanishes for a moment.
The frilled lizard bites you. You block the orc's attack.
You block the iguana's attack.
The quokka bites you but does no damage.
The iguana bites you! The frilled lizard bites you. The orc closely misses you.
The orc hits you with a +0 mace.
* * * LOW HITPOINT WARNING * * *
The bat moves out of view.
You barely miss the frilled lizard. You hit the orc.
You barely miss the iguana. You closely miss the orc.
You hit the quokka but do no damage. The quokka closely misses you.
The orc closely misses you.
The frilled lizard bites you but does no damage.
The orc hits you but does no damage. The iguana closely misses you.
You hit the frilled lizard but do no damage.
You hit the orc.
You kill the orc!
You barely miss the iguana. You closely miss the orc.
You closely miss the quokka. You block the quokka's attack.
The iguana bites you.
* * * LOW HITPOINT WARNING * * *
The frilled lizard bites you.
* * * LOW HITPOINT WARNING * * *
The orc misses you. The quokka bites you.
* * * LOW HITPOINT WARNING * * *
You miss the frilled lizard. You hit the iguana but do no damage.
You closely miss the orc. You miss the quokka.
The bat hits you but does no damage. The iguana barely misses you.
You block the orc's attack. The frilled lizard bites you.
You die...

.. ..8... ..#
...#. ...#
..8. ....#
... ...#.# ..
#. #
....##o##....
..#.
#..llo.....
#...
#.r@##.....
...
######)o....#
#..
#.....:b#####
##. ####
##.#####..# {
## ...##
##..# #.#
####
....#####..##
.# #...
.....##...##
.. #.##
.....##.###
### #### #...
........#
.....##.##


You could see an iguana, an orc wizard (invisible), 2 orcs, a quokka, a bat and
a frilled lizard.

Vanquished Creatures
  Jessica (D:2)
  3 adders
  An ufetubus (D:3)
  A worm (D:2)
  2 dart slugs (D:3)
  An orc (D:3)
  5 ball pythons
  4 endoplasms
  A giant cockroach (D:2)
  4 goblins
  8 hobgoblins
  A kobold (D:1)
  2 quokkas
  4 bats
  3 rats
41 creatures vanquished.

Notes
Turn   | Place    | Note
-------+----------+-------------------------------------------
     0 | D:1      | qeuew the Formicid Fighter began the quest for the Orb.
     0 | D:1      | Reached XP level 1. HP: 18/18 MP: 1/1
   133 | D:1      | You fall into a shaft and drop 1 floor!
   142 | D:2      | Reached XP level 2. HP: 24/24 MP: 2/2
   169 | D:2      | Noticed Jessica
   175 | D:2      | Killed Jessica
   176 | D:2      | Reached XP level 3. HP: 18/29 MP: 3/3
  1008 | D:2      | Reached skill level 1 in Dodging
  1043 | D:2      | Reached XP level 4. HP: 35/35 MP: 4/4
  1393 | D:2      | Found a faded altar of an unknown god.
  1529 | D:3      | Reached XP level 5. HP: 42/42 MP: 5/5
  1678 | D:3      | HP: 2/42 [frilled lizard (3)]
  1679 | D:3      | Slain by a frilled lizard

Illustrated notes

Levels and vault maps discovered:
D:1:      sevenhm_arrival_forest_fort_small_3, layout_basic
D:2:      layout_rooms, shapermc_ecumenical_altar_petra, serial_glass,
          glass_columns_c, glass_columns_a, glass_columns_a, glass_columns_c,
          glass_columns_c, glass_columns_a, feat_on_display, feat_on_display,
          uniq_jessica
D:3:      layout_rooms, dk_noncrumbling_3

Skill      XL: |  1  2  3 |
---------------+----------+-----
Armour         | 4 |  4.3
Dodging        | 1 |  1.2
Fighting       | |  3.8
Axes           | |  2.7
Shields        | |  4.6

Action                   |  1- 3 |  4- 6 || total
-------------------------+-------+-------++-------
Melee: War axe           |    47 |    55 ||   102
  Use: Potion            |     1 |     3 ||     4
       Scroll            |     1 |     2 ||     3
 Stab: Invisible         |       |     1 ||     1
Armor: Scale mail        |    11 |    33 ||    44
Dodge: Dodged            |    16 |    26 ||    42
Block: Buckler           |    13 |    18 ||    31

Table legend: (Time is in decaauts)
 A = Elapsed time spent in this place.
 B = Non-inter-level travel time spent in this place.
 C = Inter-level travel time spent in this place.
 D = Time resting spent in this place.
 E = Time spent auto-exploring this place.
 F = Levels seen in this place.
 G = Mean time per level.
                   A        B        C        D        E       F      G
               +--------+--------+--------+--------+--------+-----+--------+
         Total |   1718 |   1670 |     48 |      0 |   1374 |   3 |  572.7 |
       Dungeon |   1718 |   1670 |     48 |      0 |   1374 |   3 |  572.7 |
               +--------+--------+--------+--------+--------+-----+--------+

Top non-repeatable levels by time:
     D:1: 917 daAuts
     D:2: 563 daAuts
     D:3: 238 daAuts
